 Dungeon Crawl Stone Soup version 0.17.1-3-g152610e (webtiles) character file.

164 MenacingMecha the Magician (level 5, -1/29 HPs)
             Began as a Deep Elf Wizard on Feb 21, 2016.
             Slain by a wasp zombie (4 damage)
             ... on level 6 of the Dungeon.
             The game lasted 00:17:05 (3752 turns).

MenacingMecha the Magician (Deep Elf Wizard)        Turns: 3752, Time: 00:17:05

Health: -1/29      AC:  3    Str:  5    XL:     5   Next: 21%
Magic:  13/23      EV: 13    Int: 23    God:
Gold:   260        SH:  0    Dex: 13    Spells: 5 memorised, 3 levels left

rFire  . . .     SeeInvis .     z - +0 hand axe (drain)
rCold  . . .     Clarity  .     a - +0 robe
rNeg   . . .     SustAt   .     (no shield)
rPois  .         Gourm    .     b - +0 hat
rElec  .         Spirit   .     (no cloak)
rCorr  .         Warding  .     g - +0 pair of gloves
rMut   .         Stasis   .     (no boots)
MR     .....                    (no amulet)
Stlth  ++........               p - ring of magical power
                                m - ring of wizardry

@: repel missiles, not resistant to hostile enchantments, unstealthy
A: no striking features
a: no special abilities


You were on level 6 of the Dungeon.
You were not hungry.

You visited 1 branch of the dungeon, and saw 5 of its levels.

You collected 260 gold pieces.

Inventory:

Hand Weapons
 z - a +0 hand axe of draining (weapon)
Armour
 a - a +0 robe (worn)
 b - a +0 hat (worn)
 g - a +0 pair of gloves (worn)
 o - a +0 buckler
Jewellery
 m - a ring of wizardry (left hand)
 p - a ring of magical power (right hand)
 u - a +3 ring of dexterity
Wands
 A - a wand of frost (14)
Scrolls
 f - 2 scrolls of fear {unknown}
 h - a scroll of magic mapping {unknown}
 i - a scroll of fog {unknown}
 l - a scroll of enchant weapon {unknown}
 q - a scroll of enchant armour {unknown}
 t - 2 scrolls of remove curse {unknown}
 x - 2 scrolls of identify {unknown}
 y - a scroll of blinking {unknown}
Potions
 e - a potion of curing {unknown}
 j - a potion of lignification {unknown}
 k - a potion of resistance {unknown}
 n - 2 potions of haste {unknown}
 r - a potion of heal wounds {unknown}
 w - a potion of brilliance {unknown}
Books
 c - a book of Minor Magic

   Spells                             Type                      Level
   a - Magic Dart                     Conjuration                  1
   b - Blink                          Translocation                2
   c - Call Imp                       Summoning                    2
   d - Repel Missiles                 Charms/Air                   2
   e - Slow                           Hexes                        2
   f - Conjure Flame                  Conjuration/Fire             3
   g - Mephitic Cloud                 Conjuration/Poison/Air       3
Comestibles
 d - 2 bread rations
 s - 2 slices of pizza
 v - 2 chunks of flesh
 B - a beef jerky


   Skills:
 + Level 1.3 Fighting
 - Level 2.6 Dodging
 - Level 2.4 Stealth
 + Level 1.9 Shields
 - Level 5.0 Spellcasting
 + Level 3.2 Conjurations
   Level 1.1 Summonings
 - Level 1.1 Translocations
 + Level 1.2 Air Magic


You had 3 spell levels left.
You knew the following spells:

 Your Spells              Type           Power        Failure   Level  Hunger
a - Magic Dart            Conj           ###.         1%          1    None
b - Blink                 Tloc           N/A          4%          2    None
c - Repel Missiles        Chrm/Air       #.....       6%          2    None
d - Mephitic Cloud        Conj/Pois/Air  ##......     7%          3    ##.....
e - Conjure Flame         Conj/Fire      ##......     7%          3    ##.....


Dungeon Overview and Level Annotations

Branches:
Dungeon (6/15)
 Temple: D:4-7

Altars:
Elyvilon
Kikubaaqudgha


Message History

Confirm with . or Enter, or press ? or * to list all spells.
Aiming: Magic Dart
Press: ? - help, Shift-Dir - straight line, f/p - wasp zombie
Aim: a wasp zombie The magic dart hits the wasp zombie.
The wasp zombie closely misses you.
Casting: Magic Dart
Confirm with . or Enter, or press ? or * to list all spells.
Aiming: Magic Dart
Press: ? - help, Shift-Dir - straight line, f/p - wasp zombie
Aim: a wasp zombie The magic dart hits the wasp zombie.
The wasp zombie hits you.
Casting: Magic Dart
Confirm with . or Enter, or press ? or * to list all spells.
Aiming: Magic Dart
Press: ? - help, Shift-Dir - straight line, f/p - wasp zombie
Aim: a wasp zombie The magic dart hits the wasp zombie.
The wasp zombie hits you!
* * * LOW HITPOINT WARNING * * *
The wasp zombie hits you.
You die...

##########
.........#
....####.#
###.####.#
.........#
###.####.##
#..@#
#.?....Z..>.#
#.###...###.#
##.## ...
.#.# .#.# .
..


You could see a wasp zombie.

Vanquished Creatures
  A giant frog skeleton (D:4)
  5 adders
  An ooze (D:2)
  2 worms (D:2)
  A giant gecko (D:1)
  11 orcs
  5 bats
  5 giant cockroaches
  3 hobgoblins
  6 giant newts
  8 goblins
  8 jackals (D:2)
  7 kobolds
  9 rats
72 creatures vanquished.

Notes
Turn   | Place    | Note
--------------------------------------------------------------
     0 | D:1      | MenacingMecha the Deep Elf Wizard began the quest for the Orb.
     0 | D:1      | Reached XP level 1. HP: 10/10 MP: 7/7
   348 | D:1      | Reached XP level 2. HP: 15/15 MP: 5/9
   372 | D:1      | Learned a level 2 spell: Blink
   375 | D:1      | Learned a level 2 spell: Repel Missiles
   397 | D:1      | You fall through a shaft!
  1339 | D:2      | Reached XP level 3. HP: 17/19 MP: 0/11
  1397 | D:2      | Learned a level 3 spell: Mephitic Cloud
  1401 | D:2      | Learned a level 3 spell: Conjure Flame
  2277 | D:3      | Reached skill level 1 in Shields
  2281 | D:3      | Reached skill level 5 in Spellcasting
  2371 | D:2      | Reached XP level 4. HP: 6/24 MP: 0/13
  2599 | D:3      | Reached skill level 1 in Fighting
  2956 | D:3      | Found a white marble altar of Elyvilon.
  3338 | D:3      | Found an ancient bone altar of Kikubaaqudgha.
  3581 | D:3      | Reached skill level 1 in Air Magic
  3625 | D:4      | Reached XP level 5. HP: 20/29 MP: 14/14
  3732 | D:4      | You fall through a shaft for 2 floors!
  3752 | D:6      | Slain by a wasp zombie

Action                   |  1- 3 |  4- 6 || total
-------------------------+-------+-------++-------
Melee: Unarmed           |     4 |       ||     4
       Short sword       |    72 |    14 ||    86
       Hand axe          |       |     2 ||     2
 Cast: Magic Dart        |   100 |    65 ||   165
       Repel Missiles    |     1 |       ||     1
       Mephitic Cloud    |     3 |     2 ||     5
 Stab: Sleeping          |     1 |       ||     1
       Confused          |     1 |       ||     1
  Eat: Chunk             |     4 |     5 ||     9
